 Dungeon Crawl Stone Soup version 0.31-a0-851-g7ff8af7976 (webtiles) character file.

Game seed: 6849305824461112313

175 hikkokomori the Conjurer (level 5, 0/29 HPs)
             Began as a Deep Elf Conjurer on Oct 6, 2023.
             Slain by Blork the orc
             ... wielding a +0 long sword
              (4 damage)
             ... on level 4 of the Dungeon.
             The game lasted 00:03:53 (3200 turns).

hikkokomori the Conjurer (Deep Elf Conjurer)        Turns: 3200, Time: 00:03:54

Health: 0/29       AC:  7    Str:  4    XL:     5   Next: 29%
Magic:  0/13       EV: 13    Int: 25    God:
Gold:   135        SH:  5    Dex: 13    Spells: 5/12 levels left

rFire   . . .        f - +0 dagger
rCold   . . .        (no shield)
rNeg    . . .        a - +1 robe
rPois   .            (no helmet)
rElec   +            (no cloak)
rCorr   .            (no gloves)
SInv    .            (no boots)
Will    +....        g - amulet of reflection
Stlth   ++           u - ring "Ziotwedgh" {rElec Will++ AC+4}
HPRegen 0.24/turn    (no ring)
MPRegen 0.13/turn

%: reflection
@: about to teleport, weak-willed
A: no striking features
a: no special abilities


You were on level 4 of the Dungeon.
You visited 1 branch of the dungeon, and saw 4 of its levels.

You collected 135 gold pieces.

Inventory:

Hand Weapons
 f - a +0 dagger (weapon)
 o - a +2 flail of venom
Armour
 a - a +1 robe (worn)
 j - an orb of mayhem
Jewellery
 g - an amulet of reflection (around neck)
 n - an amulet of guardian spirit
 u - the ring "Ziotwedgh" (left hand) {rElec Will++ AC+4}
   (You found it on level 3 of the Dungeon)

   [ring of protection]

   AC+4:      It affects your AC (+4).
   rElec:     It insulates you from electricity.
   Will++:    It greatly increases your willpower.
Talismans
 k - a flux talisman
Scrolls
 c - a scroll of revelation {unknown}
 d - a scroll of vulnerability
 e - a scroll of amnesia {unknown}
 i - 7 scrolls of identify {unknown}
 l - a scroll of noise {unknown}
 r - a scroll of fog {unknown}
Potions
 b - a potion of magic
 h - a potion of might {unknown}
 p - 3 potions of mutation {unknown}
 q - a potion of curing {unknown}
 s - 3 potions of haste {unknown}
 t - a potion of enlightenment {unknown}


   Skills:
 + Level 1.5 Fighting
 + Level 3.6 Dodging
 + Level 3.8 Stealth
 + Level 4.2 Spellcasting
 + Level 5.0 Conjurations
 + Level 1.0 Hexes


You had 5 spell levels left.
You knew the following spells:

 Your Spells              Type           Power      Damage    Failure   Level
a - Magic Dart            Conj           100%       1d8       1%          1
b - Searing Ray           Conj           60%        2d6       1%          2
c - Fulminant Prism       Conj/Hex       10%        3d9       26%         4

Your spell library contained the following spells:

 Spells                   Type           Power      Damage    Failure   Level
 Dazzling Flash           Conj/Hex       40%        N/A       8%          3
 Iskenderun's Mystic Bla  Conj/Tloc      17%        2d5       30%         4


Dungeon Overview and Level Annotations

Branches:
Dungeon (4/15)
 Temple: D:4-7

Altars:
Gozag

Annotations:
D:4 Blork the orc


Message History

Blork the orc is severely wounded.
Blork the orc hits you with a +0 long sword!
* * * LOW HITPOINT WARNING * * *
You hit Blork the orc.
Blork the orc is severely wounded.
Blork the orc points at you and mumbles some strange words.
The magic dart hits you.
* * * LOW HITPOINT WARNING * * *
As you read the scroll labelled MAIR DUDEPET, it crumbles to dust.
Magic quickly surges around you.
It was a scroll of vulnerability.
You block Blork the orc's attack.
Okay, then.
Unknown command.
Unknown command.
Unknown command.
Press: ? - help, v - describe, . - travel
Here: Blork the orc, wielding a +0 long sword and wearing a +0 robe (severely wounded, weak-willed)
The floor.
Unknown command.
Unknown command.
Press: ? - help, v - describe, . - travel
Here: Blork the orc, wielding a +0 long sword and wearing a +0 robe (severely wounded, weak-willed)
The floor.
Unknown command.
As you read the scroll labelled YNGERON FYFEO, it crumbles to dust.
You feel strangely unstable.
It was a scroll of teleportation.
Blork the orc barely misses you.
As you read the scroll labelled AGGEUTUMOSS, it crumbles to dust.
It is a scroll of enchant armour.
Your +0 robe glows green for a moment.
Blork the orc misses you.
Unknown command.
Casting: Magic Dart (safe; 1% risk of failure)
Confirm with . or Enter, or press ? or * to list all spells.
Aiming: Magic Dart (safe; 1% risk of failure)
Press: ? - help, Shift-Dir - straight line, f/p - Blork the orc
Aim: Blork the orc, wielding a +0 long sword and wearing a +0 robe (severely wounded, weak-willed, 100% to hit)
The magic dart hits Blork the orc.
Blork the orc is almost dead.
Blork the orc hits you with a +0 long sword.
You die...

.##.........
........####.### . ...
...# #.# .. ..# #..#
#.# ... ..#
#..####.### ... #.#
#.......... .) #.#
#..####.... #.####.#
#..........
#lo@...###..####.#.#
#.####.#.........#.#
.....................
########.#...#####.#.#
#.##.## #.#.. #.##.#
#.### ####.# #.# #.#
#.# #.# #.#


You could see Blork the orc (weak-willed) and an iguana (weak-willed).

Vanquished Creatures
  Natasha (D:4)
  4 gnolls
  5 adders
  4 worms (D:2)
  A dart slug (D:1)
  6 orcs
  4 bats
  3 endoplasms
  A giant cockroach (D:1)
  4 goblins
  5 hobgoblins
  8 ball pythons
  2 frilled lizards (D:3)
  4 kobolds
  2 rats
54 creatures vanquished.

Notes
Turn   | Place    | Note
-------+----------+-------------------------------------------
     0 | D:1      | hikkokomori the Deep Elf Conjurer began the quest for the
                  | Orb.
     0 | D:1      | Reached XP level 1. HP: 10/10 MP: 6/6
     2 | D:1      | Noticed a demigod
     2 | D:1      | Noticed an octopode
     4 | D:1      | Noticed a felid
     6 | D:1      | Noticed a vampire
     8 | D:1      | Noticed a human
     8 | D:1      | Noticed a meteoran
    10 | D:1      | Noticed a demonspawn
    10 | D:1      | Noticed a merfolk
    12 | D:1      | Noticed a naga
    12 | D:1      | Noticed a vine stalker
    14 | D:1      | Noticed a troll
    14 | D:1      | Noticed an ogre
    16 | D:1      | Noticed an armataur
    16 | D:1      | Noticed a gargoyle
    18 | D:1      | Noticed a minotaur
    18 | D:1      | Noticed a formicid
    20 | D:1      | Noticed an elf
    22 | D:1      | Noticed a ghoul
    22 | D:1      | Noticed a draconian
    24 | D:1      | Noticed a tengu
    26 | D:1      | Noticed a demigod
    26 | D:1      | Noticed an armataur
   310 | D:1      | Reached XP level 2. HP: 16/16 MP: 5/8
  1110 | D:2      | Reached XP level 3. HP: 18/20 MP: 4/9
  1118 | D:2      | Learned a level 2 spell: Searing Ray
  1293 | D:2      | Reached skill level 1 in Fighting
  1303 | D:1      | Reached XP level 4. HP: 25/25 MP: 2/11
  2116 | D:3      | Learned a level 4 spell: Fulminant Prism
  2140 | D:3      | Found an opulent altar of Gozag.
  2526 | D:3      | Reached skill level 5 in Conjurations
  2528 | D:3      | Reached XP level 5. HP: 29/29 MP: 6/13
  2689 | D:3      | Identified the ring "Ziotwedgh" {rElec Will++ AC+4}
  3178 | D:4      | Noticed Blork the orc
  3181 | D:4      | Noticed Natasha
  3188 | D:4      | Killed Natasha
  3189 | D:4      | Reached skill level 1 in Hexes
  3200 | D:4      | Slain by Blork the orc

Illustrated notes

Levels and vault maps discovered:
D:1:      kb_arrival_jail, layout_basic
D:2:      layout_loops_cross
D:3:      layout_basic, grunt_gozag_statues
D:4:      layout_basic, ebering_ghost_reflecting_pool, minmay_between,
          uniq_natasha, uniq_crazy_yiuf_cottage, uniq_blork_the_orc

Skill      XL: |  1  2  3  4  5 |
---------------+----------------+-----
Stealth        | 3 |  3.8
Dodging        | 3 |  3.6
Fighting       | 1 |  1.5
Spellcasting   | 4 |  4.2
Conjurations   | 5 |  5.0
Hexes          | 1 |  1.0

Action                     |  1- 3 |  4- 6 || total
---------------------------+-------+-------++-------
  Melee: Dagger            |     6 |     5 ||    11
   Cast: Magic Dart        |    45 |    73 ||   118
         Searing Ray       |     2 |     1 ||     3
    Use: Scroll            |       |     3 ||     3
 Armour: Robe              |     5 |    11 ||    16
  Dodge: Dodged            |     9 |     8 ||    17
  Block: Other             |     3 |     5 ||     8
         Reflection        |       |     2 ||     2

Table legend: (Time is in decaauts)
 A = Elapsed time spent in this place.
 B = Non-inter-level travel time spent in this place.
 C = Inter-level travel time spent in this place.
 D = Time resting spent in this place.
 E = Time spent auto-exploring this place.
 F = Levels seen in this place.
 G = Mean time per level.
                   A        B        C        D        E       F      G
               +--------+--------+--------+--------+--------+-----+--------+
         Total |   3199 |   3029 |    170 |    162 |   2545 |   4 |  799.8 |
       Dungeon |   3199 |   3029 |    170 |    162 |   2545 |   4 |  799.8 |
               +--------+--------+--------+--------+--------+-----+--------+

Top non-repeatable levels by time:
     D:1: 1092 daAuts
     D:2: 1018 daAuts
     D:3: 940 daAuts
     D:4: 148 daAuts
